 Dungeon Crawl Stone Soup version 0.29.1-12-g30fa7ad0bf (webtiles) character file.

Game seed: 13956487983222898949

74 MisterFreud the Twirler (level 4, 0/33 HPs)
             Began as a Formicid Gladiator on Jan 9, 2023.
             Slain by a gnoll
             ... wielding a +0 club
              (8 damage)
             ... on level 3 of the Dungeon.
             The game lasted 00:01:37 (2186 turns).

MisterFreud the Twirler (Formicid Gladiator)        Turns: 2186, Time: 00:01:37

Health: 0/33       AC:  3    Str: 21    XL:     4   Next: 54%
Magic:  4/4        EV: 12    Int:  7    God:
Gold:   76         SH:  0    Dex: 15    Spells: 3/3 levels left

rFire   . . .      SeeInvis +   a - +1 quarterstaff
rCold   . . .      Faith    .   (no shield)
rNeg    . . .      Spirit   .   b - +0 leather armour
rPois   .          Reflect  .   (helmet unavailable)
rElec   .          Harm     .   (no cloak)
rCorr   .          Rampage  .   (no gloves)
Will    .....                   (no boots)
Stlth   +.........              (no amulet)
HPRegen 0.11/turn               (no ring)
MPRegen 0.09/turn               (no ring)

@: no status effects
A: permanent stasis, dig shafts and tunnels, antennae 3, four strong arms
a: Dig, Shaft Self


You were on level 3 of the Dungeon.
You visited 1 branch of the dungeon, and saw 5 of its levels.

You collected 76 gold pieces.

Inventory:

Hand Weapons
 a - a +1 quarterstaff (weapon)
Missiles
 c - 3 throwing nets (quivered)
 d - a javelin
 i - 4 poisoned darts
 l - 2 boomerangs
Armour
 b - a +0 leather armour (worn)
Scrolls
 g - a scroll of magic mapping
 h - a scroll of teleportation {unknown}
 j - a scroll of brand weapon {unknown}
Potions
 e - 2 potions of heal wounds
 f - 2 potions of curing {unknown}
 k - a potion of degeneration {unknown}
 m - a potion of brilliance {unknown}


   Skills:
 - Level 2.1 Fighting
 + Level 5.0 Staves
 - Level 2.0 Throwing
 - Level 2.6 Dodging


You had 3 spell levels left.
You didn't know any spells.
Your spell library contained the following spells:

 Spells                   Type           Power      Damage    Failure   Level
 Tukima's Dance           Hex            0%         N/A       85%         3
 Passage of Golubria      Tloc           0%         N/A       99%         4
 Yara's Violent Unravell  Hex/Tmut       0%         3d3       100%        5


Dungeon Overview and Level Annotations

Branches:
Dungeon (5/15)
 Temple: D:4-7

Altars:
Nemelex Xobeh


Innate Abilities, Weirdness & Mutations

You cannot be hasted, slowed, berserked, paralysed or teleported.
You can dig through walls and to a lower floor.
You have a pair of large antennae on your head. (SInv)
Your four strong arms can wield two-handed weapons with a shield.


Message History

There is a stone staircase leading down here.
m - a viscous white potion
There is a stone staircase leading down here.
Found an escape hatch in the floor.
There is a stone staircase leading down here.
Found a stone staircase leading up.
There is a stone staircase leading up here.
You sense a monster nearby.
You sense a monster nearby.
You sense a monster nearby. 2 gnolls and a ball python come into view.
The ball python hisses angrily.
The ball python moves out of view.
The gnoll barely misses you.
There are monsters nearby!
You sock the gnoll!
The gnoll is severely wounded.
The gnoll hits you with a +0 halberd!
The ball python attacks as you move away!
The ball python bites you but does no damage.
The gnoll hits you from afar with a +0 halberd.
You hit the ball python.
You kill the ball python!
The gnoll barely misses you.
You see here a ball python corpse.
You hit the gnoll but do no damage.
The gnoll is severely wounded.
The gnoll hits you with a +0 halberd.
You sock the gnoll!
You kill the gnoll!
Your Staves skill increases to level 5!
You closely miss the gnoll. The gnoll barely misses you.
You hit the gnoll.
The gnoll is lightly wounded.
The gnoll hits you with a +0 club. x2
* * * LOW HITPOINT WARNING * * *
You barely miss the gnoll.
The gnoll is lightly wounded.
The gnoll hits you with a +0 club!
You die...

.# #. #.. ...
#.# ..#
#.#.#######
#...g@....# #.#
.....#.#####.#
#.# ...{..# #.#
#.# # #.# #.#
#.#
#.#######.##
#.# #
.........# #.#
#######..####.#
#.......#
##.####.#


You could see a gnoll.

Vanquished Creatures
  A gnoll (D:3)
  2 adders (D:2)
  4 bats
  7 endoplasms
  A giant cockroach (D:2)
  8 goblins
  7 hobgoblins
  7 ball pythons
  4 kobolds
  2 rats (D:2)
43 creatures vanquished.

Notes
Turn   | Place    | Note
-------+----------+-------------------------------------------
     0 | D:1      | MisterFreud the Formicid Gladiator began the quest for the
                  | Orb.
     0 | D:1      | Reached XP level 1. HP: 16/16 MP: 1/1
   277 | D:1      | Reached XP level 2. HP: 10/22 MP: 2/2
   939 | D:2      | Reached skill level 4 in Staves
   939 | D:2      | Reached XP level 3. HP: 26/27 MP: 3/3
  1050 | D:2      | Found a sparkling altar of Nemelex Xobeh.
  1662 | D:2      | Reached XP level 4. HP: 28/33 MP: 4/4
  1936 | D:3      | Found a faded altar of an unknown god.
  2070 | D:3      | You fall into a shaft and drop 2 floors!
  2070 | D:5      | Entered Level 5 of the Dungeon
  2184 | D:3      | Reached skill level 5 in Staves
  2186 | D:3      | Slain by a gnoll

Illustrated notes

Levels and vault maps discovered:
D:1:      scummos_arrival_star, layout_rooms, chequers_serial_rivers_large_a,
          minmay_misc_feat_rows, minmay_3d_cube
D:2:      layout_loops_corners, basic_altar, st_stairs_1
D:3:      layout_loops_ring, basic_ecumenical_altar
D:4:      layout_basic, gammafunk_ghost_cemetery, serial_shops,
          nicolae_shop_hallway_plus, nicolae_shop_hallway_plus,
          nicolae_shop_trees, dk_noncrumbling_3,
          eino_small_chamber_without_monster
D:5:      layout_gridville, nicolae_vehumet_altar_sigil

Skill      XL: |  1  2  3  4 |
---------------+-------------+-----
Staves         | 4 5 |  5.0
Fighting       | |  2.1
Throwing       | |  2.0
Dodging        | |  2.6

Action                   |  1- 3 |  4- 6 || total
-------------------------+-------+-------++-------
Melee: Quarterstaff      |    88 |    17 ||   105
  Use: Scroll            |     3 |     1 ||     4
 Stab: Sleeping          |     1 |       ||     1
Armor: Leather armour    |    28 |     4 ||    32
Dodge: Dodged            |    46 |     5 ||    51
